 Dungeon Crawl Stone Soup version 0.32-a0-411-g744942f433 (webtiles) character file.

Game seed: 6778353287174449366

7 ragingrage the Changeling (level 2, 0/25 HPs)
             Began as a Naga Shapeshifter on Feb 21, 2024.
             Slain by a kobold
             ... wielding a +0 club
              (3 damage)
             ... on level 1 of the Dungeon.
             The game lasted 00:00:33 (32 turns).

ragingrage the Changeling (Naga Shapeshifter)         Turns: 32, Time: 00:00:34

Health: 0/25       AC:  1    Str: 16    XL:     2   Next: 0%
Magic:  2/2        EV:  9    Int: 10    God:
Gold:   0          SH:  0    Dex: 10    Spells: 1/1 levels left

rFire   . . .        f - +2 dagger (venom)
rCold   . . .        (no shield)
rNeg    . . .        a - +0 animal skin
rPois   +            (helmet currently unavailable)
rElec   .            (cloak currently unavailable)
rCorr   .            (gloves currently unavailable)
SInv    +            (no barding)
Will    .....        (no amulet)
Stlth   +            (no ring)
HPRegen 0.24/turn    (no ring)
MPRegen 0.08/turn

%: no passive effects
@: beast-form, very slow
A: beast (slay +1), AC +0, large, see invisible, deformed body, poison
resistance, slowness 2, spit poison 1, naga tail 1
a: Spit Poison, Begin Untransformation


You were on level 1 of the Dungeon.
You were a hulking beast.
You visited 1 branch of the dungeon, and saw 1 of its levels.

Inventory:

Hand Weapons
 f - a +2 dagger of venom (weapon)
Armour
 a - a +0 animal skin (worn)
Talismans
 c - a beast talisman (active)
 d - a flux talisman
Potions
 b - a potion of lignification


   Skills:
 - Level 1.0 Fighting
 - Level 1.5 Dodging
 + Level 3.2 Unarmed Combat
 + Level 3.2 Shapeshifting


You had one spell level left.
You didn't know any spells.
Your spell library was empty.

Dungeon Overview and Level Annotations

Branches:
Dungeon (1/15)

Altars:


Innate Abilities, Weirdness & Mutations

You are a hulking beast.
Your limbs bulge with bestial killing power. (Slay +1)
Your serpentine skin is tough. (AC +0)
You have supernaturally acute eyesight. (SInv)
Armour fits poorly on your strangely shaped body.
Your system is resistant to poisons. (rPois)
You cover ground very slowly.
You can spit poison.
You have a snake-like lower body.


Message History

Aim: a kobold, wielding a +2 dagger of venom and quivering stones (43% to hit)
The splash of poison hits the kobold!
The kobold is poisoned.
You kill the kobold!
You closely miss the rat. The rat bites you.
You hit the rat.
You kill the rat!
The kobold hits you with a +0 short sword.
You hit the kobold.
A kobold comes into view. It is wielding a +0 club.
The kobold hits you with a +0 short sword.
* * * LOW HITPOINT WARNING * * *
The kobold shouts!
You hit the kobold.
You kill the kobold!
You have reached level 2!
You have got your breath back.
The kobold throws a stone.
The stone hits you.
* * * LOW HITPOINT WARNING * * *
Things that are here:
a +2 dagger of venom; 2 stones; a rat corpse
f - a +2 dagger of venom The kobold throws a stone.
The stone misses you.
Okay, then.
As you read the scroll labelled KEIHECL RE GIKH, it crumbles to dust.
It is a scroll of identify.
You don't currently have any unidentified items.
Okay, then.
Aiming: Spit Poison (2% risk of failure)
Press: ? - help, Shift-Dir - straight line, f - kobold
Aim: a kobold, wielding a +0 club and quivering stones (50% to hit)
The splash of poison misses the kobold.
Your +2 dagger of venom begins to drip with poison!
f - a +2 dagger of venom (weapon)
Unknown command.
A bat comes into view.
You barely miss the kobold. The kobold completely misses you.
You hit the kobold but do no damage.
The kobold is poisoned.
You have got your breath back.
The kobold hits you with a +0 club.
You die...

...# ...# ####..###....
#.)......... #.........#
#.........# #..!...b..##.
#.....K......
####...)h.....#
#........#..###
..#........#...
..#.....##############+##
.......).##≈~~≈≈≈~~≈.<..♣
..##.?....'..~~~≈PP~≈....
. ########....≈~PPP~~~.<
#♣....~~~PPP≈~.
♣♣.....~~~~~~~


You could see a bat and a kobold (very poisoned).

Vanquished Creatures
  2 kobolds (D:1)
  A goblin (D:1)
  A rat (D:1)
4 creatures vanquished.

Notes
Turn   | Place    | Note
-------+----------+-------------------------------------------
     0 | D:1      | ragingrage the Naga Shapeshifter began the quest for the
                  | Orb.
     0 | D:1      | Reached XP level 1. HP: 18/18 MP: 1/1
    25 | D:1      | Reached XP level 2. HP: 3/25 MP: 2/2
    25 | D:1      | HP: 1/25 [kobold/stone (2)]
    32 | D:1      | Slain by a kobold

Illustrated notes

Levels and vault maps discovered:
D:1:      tarquinn_simple_flora_water_c, layout_rooms

Action                     || total
---------------------------++-------
  Melee: Unarmed           ||     5
         Dagger            ||     2
Ability: Spit Poison       ||     2
    Use: Scroll            ||     1
 Armour: Animal skin       ||     8
  Dodge: Dodged            ||     4

Table legend: (Time is in decaauts)
 A = Elapsed time spent in this place.
 B = Non-inter-level travel time spent in this place.
 C = Inter-level travel time spent in this place.
 D = Time resting spent in this place.
 E = Time spent auto-exploring this place.
 F = Levels seen in this place.
 G = Mean time per level.
                   A        B        C        D        E       F      G
               +--------+--------+--------+--------+--------+-----+--------+
         Total |     38 |     38 |      0 |      0 |     13 |   1 |   38.0 |
       Dungeon |     38 |     38 |      0 |      0 |     13 |   1 |   38.0 |
               +--------+--------+--------+--------+--------+-----+--------+

Top non-repeatable levels by time:
     D:1: 38 daAuts
